 Dungeon Crawl Stone Soup version 0.28.0-43-g3370ac3207 (webtiles) character file.

Game seed: 13236741864464469233

1364 issech the Cudgeller (level 8, -5/68 (79) HPs)
             Began as a Troll Monk on Mar 14, 2022.
             Slain by a two-headed ogre
             ... wielding a +0 giant club
              (31 damage)
             ... on level 6 of the Dungeon.
             The game lasted 00:21:46 (4815 turns).

issech the Cudgeller (Troll Monk)                   Turns: 4815, Time: 00:21:47

HP:   -5/68 (79)    AC: 10    Str: 20    XL:     8   Next: 38%
MP:   7/7           EV: 11    Int: 12    God:
Gold: 301           SH:  0    Dex: 14    Spells: 7/7 levels left

rFire   . . .      SeeInvis .   b - +4 quarterstaff (chaos)
rCold   + . .      Faith    .   (shield currently unavailable)
rNeg    + . .      Spirit   .   x - +2 robe {rC+}
rPois   .          Reflect  .   z - +2 hat
rElec   .          Harm     .   y - +1 cloak
rCorr   .          Rampage  .   (gloves unavailable)
Will    .....                   (boots unavailable)
Stlth   ++........              (no amulet)
HPRegen 1.01/turn               m - ring of positive energy
MPRegen 0.10/turn               B - +6 ring of intelligence

@: heavily drained
A: large, unfitting armour, claws 3, regeneration 1, shaggy fur 1, tough skin 1
a: no special abilities


You were on level 6 of the Dungeon.
You visited 1 branch of the dungeon, and saw 6 of its levels.

You collected 301 gold pieces.

Inventory:

Hand Weapons
 a - a +0 mace
 b - a +4 quarterstaff of chaos (weapon)
 l - a +4 dagger
 s - a +0 flail
 K - a +0 arbalest
 L - a +0 flail of draining
Missiles
 c - 62 stones
 k - 26 sling bullets
 p - 3 large rocks (quivered)
 r - 4 boomerangs
 v - 6 javelins
 A - 39 arrows
 J - 15 bolts
Armour
 d - a +0 cloak
 x - a +2 robe of cold resistance (worn)
 y - a +1 cloak (worn)
 z - a +2 hat (worn)
Magical Staves
 H - a staff of poison
Jewellery
 m - a ring of positive energy (left claw)
 B - a +6 ring of intelligence (right claw)
Scrolls
 h - 3 scrolls of immolation
 t - a scroll of teleportation
 u - a scroll of enchant weapon
 C - 2 scrolls of blinking
Potions
 g - 2 potions of mutation {unknown}
 i - 2 potions of cancellation {unknown}
 j - 3 potions of attraction {unknown}
 n - 2 potions of lignification {unknown}
 o - 3 potions of brilliance {unknown}
 D - a potion of flight {unknown}
 E - 2 potions of haste {unknown}
 F - a potion of heal wounds {unknown}
 I - a potion of curing {unknown}


   Skills:
 + Level 4.5 Fighting
 + Level 5.2(6.2) Maces & Flails
 + Level 4.7(5.6) Staves
 + Level 1.7 Throwing
 + Level 4.0 Dodging
 + Level 1.7 Stealth


You had 7 spell levels left.
You didn't know any spells.
Your spell library contained the following spells:

 Spells                   Type           Power      Damage    Failure   Level
 Foxfire                  Conj/Fire      0%         2x1d4     32%         1
 Conjure Flame            Conj/Fire      0%         6-21      69%         3
 Inner Flame              Hex/Fire       0%         N/A       69%         3
 Flame Wave               Conj/Fire      0%         2d4       97%         4
 Malign Gateway           Summ/Tloc      0%         N/A       100%        7
 Summon Horrible Things   Summ           0%         N/A       100%        8


Dungeon Overview and Level Annotations

Branches:
Dungeon (6/15)
 Temple: D:4-7

Altars:
Fedhas
Makhleb


Innate Abilities, Weirdness & Mutations

You are too large for most types of armour.
You have claws for hands.
Your natural rate of healing is unusually fast.
You are covered in fur. (AC +1)
You have tough skin. (AC +1)


Message History

You see here a hound corpse.
You now have 301 gold pieces (gained 11).
Found a stone staircase leading down.
A two-headed ogre comes into view. It is wielding two +0 giant clubs.
Found a stone staircase leading up.
Throw: 6 large rocks
Press: ? - help, Q - select action, (/) - cycle Shift-Dir - straight line, f - two-headed ogre
Aim: a two-headed ogre, wielding two +0 giant clubs (asleep, 98% to hit)
You throw a large rock.
The large rock hits the two-headed ogre.
The two-headed ogre shouts in stereo!
The two-headed ogre is lightly wounded.
Throw: 5 large rocks
Press: ? - help, Q - select action, (/) - cycle Shift-Dir - straight line, f/p - two-headed ogre
Aim: a two-headed ogre, wielding two +0 giant clubs (lightly wounded, 75% to hit)
You throw a large rock.
The large rock hits the two-headed ogre!!
The two-headed ogre is heavily wounded.
You hear a shout!
Throw: 4 large rocks
Press: ? - help, Q - select action, (/) - cycle Shift-Dir - straight line, f/p - two-headed ogre
Aim: a two-headed ogre, wielding two +0 giant clubs (heavily wounded, 75% to hit)
You throw a large rock.
The large rock hits the two-headed ogre!!
The two-headed ogre is severely wounded.
The two-headed ogre hits you with a +0 giant club! x2
An orc comes into view. It is wielding a +0 mace.
You closely miss the two-headed ogre.
The two-headed ogre is severely wounded.
The two-headed ogre closely misses you.
The two-headed ogre hits you with a +0 giant club!
You hit the two-headed ogre.
The two-headed ogre is severely wounded.
The two-headed ogre hits you with a +0 giant club.
The two-headed ogre barely misses you.
You sock the two-headed ogre!
The two-headed ogre seems to grow stronger.
The two-headed ogre is almost dead.
The two-headed ogre hits you with a +0 giant club!!
You die...

#......## ## .......####
#.#
........#.#####.#####
............#....#..# #
..........###.........#
.........####.......<##
..........##..>.# ...##
#...............##......
........###.....@....#
........# #...##.Oo.##
.##.....##...####.(.#
......#.....## ......
......#...... ...(...
..........#.. .....(.
..... ....#.. .......
..... ....... .....


You could see a two-headed ogre (strong) and an orc.

Vanquished Creatures
  Sigmund (D:3)
  A shadow (D:5)
  2 water moccasins (D:5)
  An orc warrior (D:5)
  2 scorpions
  2 centaur zombies (D:5)
  3 hounds
  2 jellies
  Crazy Yiuf (D:3)
  An orc priest (D:6)
  2 bullfrog skeletons (D:5)
  An iguana (D:6)
  2 orc wizards
  A hound skeleton (D:4)
  A mummy (D:5)
  11 adders
  An adder skeleton (D:4)
  4 worms
  3 dart slugs
  14 orcs
  4 bats
  7 endoplasms
  2 giant cockroaches
  5 hobgoblins
  4 quokkas
  10 ball pythons
  A frilled lizard (D:2)
  7 goblins
  A hobgoblin zombie (D:5)
  3 kobolds
  3 kobold zombies (D:5)
  A rat (D:3)
104 creatures vanquished.

Notes
Turn   | Place    | Note
-------+----------+-------------------------------------------
     0 | D:1      | issech the Troll Monk began the quest for the Orb.
     0 | D:1      | Reached XP level 1. HP: 22/22 MP: 0/0
   190 | D:1      | Found a faded altar of an unknown god.
   409 | D:1      | Reached XP level 2. HP: 29/29 MP: 1/1
   491 | D:1      | Reached skill level 3 in Maces & Flails
  1274 | D:2      | Reached XP level 3. HP: 28/36 MP: 2/2
  2043 | D:2      | Reached XP level 4. HP: 22/44 MP: 3/3
  2211 | D:3      | Reached skill level 4 in Maces & Flails
  2224 | D:3      | Found a large runed translucent door.
  2225 | D:3      | Found a large runed translucent door.
  2247 | D:3      | Found a blossoming altar of Fedhas.
  2257 | D:3      | Found a burning altar of Makhleb.
  2379 | D:3      | Found a runed translucent door.
  2380 | D:3      | Noticed Crazy Yiuf
  2410 | D:3      | Reached XP level 5. HP: 53/53 MP: 4/4
  2474 | D:3      | Noticed Sigmund
  2477 | D:3      | Killed Sigmund
  2478 | D:3      | Reached XP level 6. HP: 61/61 MP: 5/5
  2645 | D:3      | Killed Crazy Yiuf
  2646 | D:3      | Reached skill level 1 in Throwing
  2943 | D:4      | Reached skill level 5 in Maces & Flails
  3323 | D:5      | Entered Level 5 of the Dungeon
  3493 | D:5      | Noticed a shadow
  3504 | D:5      | Killed a shadow
  3505 | D:5      | Reached skill level 1 in Staves
  3505 | D:5      | Reached XP level 7. HP: 38/67 MP: 6/6
  4220 | D:6      | Reached XP level 8. HP: 74/78 MP: 7/7
  4808 | D:6      | Noticed a two-headed ogre
  4815 | D:6      | Slain by a two-headed ogre

Illustrated notes

Levels and vault maps discovered:
D:1:      psy_arrival_radial01, layout_loops_corners,
          shapermc_ecumenical_altar_starsandcircs
D:2:      layout_loops_ring, serial_park_tiny_2
D:3:      layout_basic, jmf_multi_god_temple2, minmay_distorted, uniq_sigmund,
          uniq_crazy_yiuf_cottage
D:4:      layout_loops_ring, chequers_mini_garden
D:5:      layout_loops_ring, minmay_mini_ossuary
D:6:      layout_cave_pools, minmay_temple_entry_nine_rooms

Skill      XL: |  1  2  3  4  5  6  7  8 |
---------------+-------------------------+-----
Maces & Flails | 3 4 5 |  5.2
Dodging        | 3 4 |  4.0
Fighting       | 3 4 |  4.5
Throwing       | 1 |  1.7
Staves         | 1 3 4 |  4.7
Stealth        | |  1.7

Action                   |  1- 3 |  4- 6 |  7- 9 || total
-------------------------+-------+-------+-------++-------
Melee: Mace              |   156 |     9 |       ||   165
       Punch             |     3 |       |       ||     3
       Flail             |       |    35 |       ||    35
       Quarterstaff      |       |    51 |    92 ||   143
Throw: Stone             |    15 |       |       ||    15
       Large rock        |     1 |    16 |     4 ||    21
  Use: Scroll            |       |       |     9 ||     9
 Stab: Sleeping          |     3 |       |       ||     3
Armor: Robe              |    73 |    38 |    47 ||   158
Dodge: Dodged            |    86 |    54 |    57 ||   197
